 Dungeon Crawl Stone Soup version 0.30-a0-141-g30f27751c5 (webtiles) character file.

Game seed: 14985877176881172092

138 porpoise the Poker (level 5, 0/41 HPs)
             Began as a Demonspawn Gladiator on Sept 26, 2022.
             Slain by an orc priest
             ... wielding a +0 war axe
              (9 damage)
             ... on level 3 of the Dungeon.
             The game lasted 00:04:25 (2576 turns).

porpoise the Poker (Demonspawn Gladiator)           Turns: 2576, Time: 00:04:26

Health: 0/41       AC:  6    Str: 16    XL:     5   Next: 1%
Magic:  5/5        EV: 15    Int:  9    God:
Gold:   78         SH:  0    Dex: 15    Spells: 4/4 levels left

rFire   . . .      SeeInvis .    a - +0 trident
rCold   . . .      Faith    .    (no shield)
rNeg    . . .      Spirit   .    s - +0 ring mail
rPois   .          Reflect  .    c - +0 helmet
rElec   .          Harm     .    (no cloak)
rCorr   +          Rampage  .    (no gloves)
Will    .....                    (no boots)
Stlth   +.........               (no amulet)
HPRegen 0.13/turn                i - +4 ring of evasion
MPRegen 0.09/turn                r - ring of resist corrosion

@: no status effects
A: demonic guardian 1, powered by pain 2
a: no special abilities


You were on level 3 of the Dungeon.
You visited 1 branch of the dungeon, and saw 3 of its levels.

You collected 78 gold pieces.

Inventory:

Hand Weapons
 a - a +0 trident (weapon)
Missiles
 d - 3 throwing nets (quivered)
 e - a javelin
 o - 6 poisoned darts
Armour
 c - a +0 helmet (worn)
 s - a +0 ring mail (worn)
Magical Staves
 k - a staff of cold
Jewellery
 h - a ring of magical power
 i - a +4 ring of evasion (left hand)
 r - a ring of resist corrosion (right hand)
Scrolls
 f - a scroll of silence {unknown}
 g - 2 scrolls of identify {unknown}
 l - a scroll of fear {unknown}
 m - 2 scrolls of teleportation {unknown}
Potions
 b - a potion of lignification {unknown}
 j - 4 potions of curing {unknown}
 n - a potion of cancellation {unknown}
 p - a potion of brilliance {unknown}
 q - 2 potions of mutation {unknown}
 t - a potion of ambrosia {unknown}


   Skills:
 + Level 3.3 Fighting
 * Level 4.5 Polearms
 - Level 1.7 Throwing
 - Level 2.6 Dodging


You had 4 spell levels left.
You didn't know any spells.
Your spell library contained the following spells:

 Spells                   Type           Power      Damage    Failure   Level
 Magic Dart               Conj           0%         1d3       61%         1
 Searing Ray              Conj           0%         2d4       75%         2
 Fulminant Prism          Conj/Hex       0%         3d6       100%        4
 Summon Forest            Summ/Tloc      0%         N/A       100%        5
 Summon Mana Viper        Hex/Summ       0%         N/A       100%        5
 Summon Cactus Giant      Summ           0%         N/A       100%        6


Dungeon Overview and Level Annotations

Branches:
Dungeon (3/15)

Altars:


Innate Abilities, Weirdness & Mutations

A weak demonic guardian rushes to your aid.
You sometimes gain power by taking damage.


Message History

d - 2 throwing nets (gained 1)
You see here a +0 giant spiked club.
Found a stone staircase leading down.
t - a cyan potion
d - 3 throwing nets (gained 1)
An orc comes into view. It is wielding a +0 hand axe.
The orc shouts!
The orc moves out of view.
An orc and 2 orc priests come into view.
The orc shouts!
The orc priest shouts! x2; You hear a shout!
The orc priest invokes the aid of Beogh against you.
Beogh smites you!
A demonic guardian appears!
You reach to attack!
You puncture the orc!
You kill the orc!
Your ufetubus hits the orc but does no damage.
Your ufetubus hits the orc. The orc barely misses your ufetubus.
You have reached level 5!
An orc comes into view. It is wielding a +0 flail.
The orc shouts!
Your ufetubus closely misses the orc. x2; The orc barely misses your ufetubus.
The orc priest invokes the aid of Beogh against you.
Beogh smites you!
* * * LOW HITPOINT WARNING * * *
Your ufetubus hits the orc.
Your ufetubus closely misses the orc.
Your ufetubus closely misses the orc.
Your ufetubus hits the orc but does no damage.
The orc priest looks braver for a moment.
The orc hits your ufetubus with a +0 flail.
Items here: ) ? [ †.
You hit the orc priest but do no damage.
Your punch misses the orc priest.
Your ufetubus closely misses the orc.
Your ufetubus hits the orc.
The orc priest invokes the aid of Beogh against you.
Pain shoots through your body!
* * * LOW HITPOINT WARNING * * *
The orc hits your ufetubus with a +0 flail!
Your ufetubus dies!
Your ufetubus disappears in a puff of smoke!
The orc priest hits you with a +0 war axe!
You die...

######## #......#
#......#######
#............#
#######.........######
+...................>#
#######.........####+#
#######..............
...o..§@....)[)#.....
.....ooo...÷..÷#......
...............###....
...............# ....
............###### ...
.................#
.................+
.#####...........###
#.............#


You could see 2 orc priests and 2 orcs.

Vanquished Creatures
  An ogre (D:3)
  An adder (D:2)
  A worm (D:2)
  A dart slug (D:2)
  An orc (D:3)
  4 ball pythons
  2 endoplasms
  2 giant cockroaches
  4 hobgoblins
  5 kobolds
  A quokka (D:1)
  5 bats
  4 frilled lizards
  6 goblins
  5 rats
43 creatures vanquished.

Notes
Turn   | Place    | Note
-------+----------+-------------------------------------------
     0 | D:1      | porpoise the Demonspawn Gladiator began the quest for the
                  | Orb.
     0 | D:1      | Reached XP level 1. HP: 16/16 MP: 1/1
   244 | D:1      | Reached skill level 3 in Polearms
   248 | D:1      | Gained mutation: You sometimes gain a little power by
                  | taking damage. [demonic ancestry]
   248 | D:1      | Reached XP level 2. HP: 18/22 MP: 2/2
  1309 | D:2      | Gained mutation: You sometimes gain power by taking damage.
                  | [demonic ancestry]
  1309 | D:2      | Reached XP level 3. HP: 22/28 MP: 3/3
  1645 | D:2      | Found a faded altar of an unknown god.
  2284 | D:3      | Noticed an ogre
  2298 | D:3      | Killed an ogre
  2299 | D:3      | Reached skill level 4 in Polearms
  2299 | D:3      | Gained mutation: A weak demonic guardian rushes to your
                  | aid. [demonic ancestry]
  2299 | D:3      | Reached XP level 4. HP: 7/35 MP: 4/4
  2574 | D:3      | Reached XP level 5. HP: 25/41 MP: 5/5
  2576 | D:3      | Slain by an orc priest

Illustrated notes

Levels and vault maps discovered:
D:1:      shiori_arrival_oz, layout_basic
D:2:      layout_rooms, ebering_ecumenical_altar_webs, serial_co_window_serial,
          co_window_paths_b, co_window_of_opportunity_a, co_window_paths_a,
          co_window_paths_a, co_window_corner_a, co_window_paths_a,
          co_window_paths_b, co_window_broadway_b, co_window_broadway_a,
          co_window_2corner, co_window_2corner, co_window_4corner_a,
          glass_columns_a
D:3:      layout_basic, regret_index_temple_of_mockery

Skill      XL: |  1  2  3 |
---------------+----------+-----
Polearms       | 3 4 |  4.5
Fighting       | 3 |  3.3
Throwing       | |  1.7
Dodging        | |  2.6

Action                   |  1- 3 |  4- 6 || total
-------------------------+-------+-------++-------
Melee: Trident           |   139 |     3 ||   142
Throw: Throwing net      |     2 |       ||     2
 Stab: Sleeping          |     1 |       ||     1
       Held in net/web   |     1 |       ||     1
Armor: Leather armour    |    17 |       ||    17
       Ring mail         |     3 |       ||     3
Dodge: Dodged            |    81 |       ||    81

Table legend: (Time is in decaauts)
 A = Elapsed time spent in this place.
 B = Non-inter-level travel time spent in this place.
 C = Inter-level travel time spent in this place.
 D = Time resting spent in this place.
 E = Time spent auto-exploring this place.
 F = Levels seen in this place.
 G = Mean time per level.
                   A        B        C        D        E       F      G
               +--------+--------+--------+--------+--------+-----+--------+
         Total |   2592 |   2557 |     35 |    521 |   1631 |   3 |  864.0 |
       Dungeon |   2592 |   2557 |     35 |    521 |   1631 |   3 |  864.0 |
               +--------+--------+--------+--------+--------+-----+--------+

Top non-repeatable levels by time:
     D:1: 1079 daAuts
     D:2: 1057 daAuts
     D:3: 455 daAuts
